 Dungeon Crawl Stone Soup version 0.23-a0-607-g760965b (console) character file.

978 Duffy the Cleaver (level 8, -6/67 HPs)
             Began as a Naga Gladiator on Dec 20, 2018.
             Was a Follower of the Shining One.
             Mangled by a wight
             ... wielding a +3 falchion
              (9 damage)
             ... on level 7 of the Dungeon.
             The game lasted 00:04:58 (1988 turns).

Duffy the Cleaver (Naga Gladiator)                  Turns: 1988, Time: 00:04:58

Health: -6/67      AC:  7    Str: 18    XL:     8   Next: 17%
Magic:  8/8        EV:  8    Int:  9    God:    the Shining One [*.....]
Gold:   89         SH:  0    Dex: 13    Spells: 7/7 levels left

rFire    . . .     SeeInvis +   s - +4 battleaxe (freeze)
rCold    . . .     Gourm    .   (shield currently unavailable)
rNeg     . . .     Faith    .   m - +0 scale mail
rPois    +         Spirit   .   c - +0 helmet
rElec    .         Reflect  .   (no cloak)
rCorr    +         Harm     .   j - +0 pair of gloves
MR       +....                  (no barding)
Stlth    ..........             g - amulet of regeneration
HPRegen  0.61/turn              k - ring of resist corrosion
MPRegen  0.11/turn              (no ring)

@: glowing, drained, very slow
A: large, see invisible, deformed body, poison resistance, slowness 2, slow
metabolism 1, spit poison 1, AC +2
a: Spit Poison, Renounce Religion


You were on level 7 of the Dungeon.
You worshipped the Shining One.
The Shining One was aware of your devotion.
You were very hungry.

You visited 2 branches of the dungeon, and saw 8 of its levels.

You collected 89 gold pieces.

Inventory:

Hand Weapons
 a - a +0 war axe
 s - a +4 battleaxe of freezing (weapon)
Armour
 b - a +0 leather armour
 c - a +0 helmet (worn)
 d - a +0 ring mail
 i - a +0 ring mail
 j - a +0 pair of gloves (worn)
 m - a +0 scale mail (worn)
Jewellery
 g - an amulet of regeneration (around neck)
 k - a ring of resist corrosion (left hand)
 r - an uncursed amulet of guardian spirit
Scrolls
 e - a scroll of blinking {unknown}
 h - a scroll of noise {unknown}
 l - a scroll of immolation {unknown}
 o - 4 scrolls of identify {unknown}
 q - 2 scrolls of teleportation {unknown}
Potions
 p - a potion of curing
Comestibles
 f - 4 rations
 n - a chunk of flesh


   Skills:
 - Level 2.0(1.5) Fighting
 + Level 9.7(9.1) Axes
 - Level 1.7(1.2) Throwing
 - Level 2.4(1.9) Dodging


You had 7 spell levels left.
You didn't know any spells.
Your spell library was empty.

Dungeon Overview and Level Annotations

Branches:
Dungeon (7/15)             Temple (1/1) D:7

Altars:
Ashenzari
Cheibriados
Dithmenos
Elyvilon
Fedhas
Gozag
Hepliaklqana
Kikubaaqudgha
Okawaru
Qazlal
Ru
Sif Muna
Trog
Uskayaw
Vehumet
Wu Jian
Xom
Zin
The Shining One

Shops:
D:4 }


Innate Abilities, Weirdness & Mutations

You cannot wear boots.
Your serpentine skin is tough. (AC +2)
You have supernaturally acute eyesight. (SInv)
Armour fits poorly on your strangely shaped body.
Your system is resistant to poisons. (rPois)
You cover ground very slowly.
You have a slow metabolism.
You can spit poison.


Message History

The wight barely misses you.
You barely miss the wight. The wight hits you but does no damage.
You slash the wight!
The wight is heavily damaged.
The wight hits you with a +3 falchion.
You feel drained.
Your magical contamination has completely faded away.
Your scale mail prevents you from hitting the wight.
The wight is heavily damaged.
The wight barely misses you.
You barely miss the wight.
The wight is heavily damaged.
You hear the rapid hiss of a very distant avalanche of sand.
The wight hits you with a +3 falchion.
You feel drained.
You hit the wight but do no damage.
The wight is heavily damaged.
The wight hits you with a +3 falchion.
You hit the wight.
The wight is severely damaged.
The wight hits you with a +3 falchion!
You die...

........##.....# #
#........##...##.
#...............
#.#...##.......
#..#..##.....## #
##.....(.%.).#.# #.
##[.).#....()....
#..###...)##...##.....
#..z@.........##..).#.
#.............###...#.
############..##...###
#...........
#......#....
#..#.###..>.
#......#....
###.........
##.#......###


You could see a wight.

Vanquished Creatures
  An orc warrior (D:7)
  A phantom (D:5)
  2 bullfrogs
  7 wights
  A howler monkey (D:5)
  A crimson imp (D:5)
  A hound (D:7)
  An orc priest (D:5)
  A bullfrog skeleton (D:4)
  A gnoll shaman (D:7)
  3 orc wizards
  A worker ant (D:5)
  2 gnolls (D:7)
  2 shadow imps (D:7)
  An adder skeleton (D:7)
  A worm (D:3)
  A dart slug (D:2)
  A leopard gecko (D:1)
  9 orcs
  2 goblins
  4 hobgoblins
  9 jackals
  A quokka (D:5)
  A ball python (D:7)
  4 bats
  4 frilled lizards
  A kobold (D:3)
  A quokka zombie (D:5)
  2 rats
67 creatures vanquished.

Notes
Turn   | Place    | Note
-------+----------+-------------------------------------------
     0 | D:1      | Duffy the Naga Gladiator began the quest for the Orb.
     0 | D:1      | Reached XP level 1. HP: 19/19 MP: 1/1
   380 | D:1      | Reached XP level 2. HP: 22/26 MP: 2/2
   529 | D:3      | Reached skill level 4 in Axes
   550 | D:3      | Reached XP level 3. HP: 21/32 MP: 3/3
   603 | D:4      | Found Fipeofo's Gadget Emporium.
   728 | D:4      | Reached skill level 5 in Axes
   728 | D:4      | Reached XP level 4. HP: 36/39 MP: 4/4
   842 | D:5      | Entered Level 5 of the Dungeon
  1030 | D:4      | Reached XP level 5. HP: 35/45 MP: 5/5
  1079 | D:5      | Noticed a phantom
  1112 | D:5      | Killed a phantom
  1112 | D:5      | Reached skill level 6 in Axes
  1112 | D:5      | Reached XP level 6. HP: 19/52 MP: 6/6
  1287 | D:5      | Found a sacrificial altar of Ru.
  1300 | D:5      | Reached skill level 7 in Axes
  1382 | D:6      | Found a bloodstained altar of Trog.
  1461 | D:5      | Reached XP level 7. HP: 53/60 MP: 7/7
  1482 | D:5      | Reached skill level 8 in Axes
  1564 | D:7      | Found an iron altar of Okawaru.
  1568 | D:7      | Found a staircase to the Ecumenical Temple.
  1579 | Temple   | Entered the Ecumenical Temple
  1799 | Temple   | Became a worshipper of the Shining One
  1950 | D:7      | Reached skill level 9 in Axes
  1950 | D:7      | The Shining One protects you from harm!
  1952 | D:7      | Reached XP level 8. HP: 12/67 MP: 8/8
  1981 | D:7      | Reached * piety under the Shining One
  1987 | D:7      | HP: 2/67 [wight/+3 falchion (4)]
  1988 | D:7      | Mangled by a wight

Vault maps used:
D:1:      erik_arrival_blinker_ship, due_unseen_surprise
D:2:      bloody_makhleb, lemuel_round_altar, first_ration
D:4:      serial_shops, shop, minmay_manual_moon
D:5:      old_standard_altar, serial_shops, nicolae_shop_behind_doors
D:6:      kennysheep_mini_moat
D:7:      okawaru_trees_1, marbit_many_paths, minmay_temple_entry_tees,
          nicolae_ossuary_entry_giza, serial_gnoll_camp,
          gnoll_camp_mini_sergeant, gnoll_camp_mini_shop, gnoll_camp_mini_house,
          gnoll_camp_mini_basic
Temple:   regret_index_temple_sphere_string

Skill      XL: |  1  2  3  4  5  6  7 |
---------------+----------------------+-----
Axes           | 4 5 6 7 9 |  9.7
Fighting       | |  2.0
Throwing       | |  1.7
Dodging        | |  2.4

Action                   |  1- 3 |  4- 6 |  7- 9 || total
-------------------------+-------+-------+-------++-------
Melee: War axe           |    55 |    98 |    62 ||   215
       Battleaxe         |       |       |     6 ||     6
Throw: Throwing net      |       |       |     3 ||     3
 Abil: Spit Poison       |     4 |     4 |       ||     8
  Use: Potion            |       |       |     4 ||     4
 Stab: Held in net/web   |       |       |     1 ||     1
  Eat: Chunk             |       |     1 |     1 ||     2
Armor: Leather armour    |    10 |       |       ||    10
       Ring mail         |    10 |       |       ||    10
       Scale mail        |     1 |    56 |    54 ||   111
Dodge: Dodged            |    28 |    61 |    47 ||   136

Table legend:
 A = Non-vault XP
 B = Vault XP
 C = Vault XP percentage of total XP
 D = Non-vault monster count
 E = Vault monster count
 F = Vault count percentage of total count
                 A         B        C        D         E       F
            +---------+---------+-------+---------+---------+-------
      Total |    1288 |     110 |   7.9 |      62 |       5 |   7.5
            +---------+---------+-------+---------+---------+-------
        D:1 |      12 |       0 |   0.0 |       8 |       0 |   0.0
        D:2 |       8 |       0 |   0.0 |       3 |       0 |   0.0
        D:3 |      51 |       0 |   0.0 |       9 |       0 |   0.0
        D:4 |      93 |       0 |   0.0 |       7 |       0 |   0.0
        D:5 |     598 |       0 |   0.0 |      22 |       0 |   0.0
        D:6 |      90 |       0 |   0.0 |       1 |       0 |   0.0
        D:7 |     436 |     110 |  20.1 |      12 |       5 |  29.4
            +---------+---------+-------+---------+---------+-------
